 Dungeon Crawl Stone Soup version 0.31-a0-1540-g5a0b83f448 (webtiles) character file.

Game seed: 17524223913110478671

24 BigPumpCobain the Cudgeller (level 2, 27/27 HPs)
             Began as a Minotaur Berserker on Dec 29, 2023.
             Was a Follower of Trog.
             Quit the game on level 1 of the Dungeon on Jan 2, 2024.
             The game lasted 00:00:50 (679 turns).

BigPumpCobain the Cudgeller (Minotaur Berserker)     Turns: 679, Time: 00:00:51

Health: 27/27      AC:  2    Str: 21    XL:     2   Next: 79%
Magic:  1/1        EV: 12    Int:  4    God:    Trog [*.....]
Gold:   78         SH:  0    Dex:  9    Spells: 1/1 levels left

rFire   . . .        a - +0 mace
rCold   . . .        (no shield)
rNeg    . . .        b - +0 animal skin
rPois   .            (helmet restricted)
rElec   .            (no cloak)
rCorr   .            (no gloves)
SInv    .            (no boots)
Will    .....        (no amulet)
Stlth   +            (no ring)
HPRegen 0.24/turn    (no ring)
MPRegen 0.07/turn

%: no passive effects
@: no status effects
A: horns 2, retaliatory headbutt
a: Renounce Religion, Berserk


You were on level 1 of the Dungeon.
You worshipped Trog.
Trog was aware of your devotion.
You visited 1 branch of the dungeon, and saw 1 of its levels.

You collected 78 gold pieces.

Inventory:

Hand Weapons
 a - a +0 mace (weapon)
Missiles
 g - 2 throwing nets
Armour
 b - a +0 animal skin (worn)
Scrolls
 c - 2 scrolls of teleportation {unknown}
 d - a scroll of amnesia {unknown}
 e - a scroll of enchant armour {unknown}
Potions
 f - a potion of lignification {unknown}
 h - a potion of attraction {unknown}


   Skills:
 + Level 3.9 Fighting
 * Level 4.2 Maces & Flails
 + Level 2.8 Armour
 - Level 2.1 Dodging
 + Level 1.1 Shields


You had one spell level left.
You didn't know any spells.
Your spell library was empty.

Dungeon Overview and Level Annotations

Branches:
Dungeon (1/15)

Altars:


Innate Abilities, Weirdness & Mutations

You have a pair of horns on your head.
You reflexively headbutt those who attack you in melee.


Message History

a +0 club; a goblin corpse You now have 49 gold pieces (gained 13).
Found 4 stones.
A bat comes into view.
Found 12 gold pieces.
You see here a fuming brown potion.
The bat misses you.
You see here 4 stones.
You closely miss the bat. The bat barely misses you.
The bat hits you but does no damage. The bat misses you.
You closely miss the bat. Your headbutt misses the bat.
The bat barely misses you. You furiously retaliate!
You headbutt the bat.
You kill the bat!
Trog accepts your kill.
No target in view!
No target in view!
No target in view!
You see here 4 stones.
f - a fuming brown potion You now have 61 gold pieces (gained 12).
c - 2 scrolls labelled JIQETO ADORAJU (gained 1)
Found a chain mail.
You now have 72 gold pieces (gained 11).
Found 4 stones.
Found a stone staircase leading down.
g - 2 throwing nets You now have 78 gold pieces (gained 6).
Found a stone staircase leading down.
h - a lumpy pink potion You see here a +0 club.
Done exploring.
Done exploring.
Done exploring.
Done exploring.
Done exploring.
Done exploring.
Saving game... please wait.
Welcome back, BigPumpCobain the Minotaur Berserker.
Trog says: Kill them all!
Press ? for a list of commands and other information.
Are you sure you want to abandon this character and quit the game? (Confirm with "yes".)

#...............# ####.........
#...............## #####.#...
#................###########.####
#................'~P~PPPP#...# #
#...............##..≈P~~P#.######
#...............##..≈≈P~~#.##....
##..............##~.....≈#..#.###
##.....#.....#.##~..P.#.##.#.###
#############.@#.P≈~.#.#.......
##.+≈~~~P#<#######. ###########
##


There were no monsters in sight!

Vanquished Creatures
  A ball python (D:1)
  3 bats (D:1)
  2 giant cockroaches (D:1)
  5 goblins (D:1)
  3 hobgoblins (D:1)
  3 quokkas (D:1)
  4 frilled lizards (D:1)
21 creatures vanquished.

Notes
Turn   | Place    | Note
-------+----------+-------------------------------------------
     0 | D:1      | BigPumpCobain the Minotaur Berserker began the quest for
                  | the Orb.
     0 | D:1      | Reached XP level 1. HP: 19/19 MP: 0/0
   138 | D:1      | Reached XP level 2. HP: 27/27 MP: 1/1
   139 | D:1      | Reached skill level 4 in Maces & Flails
   238 | D:1      | Reached skill level 1 in Shields
   679 | D:1      | Upgraded the game from 0.31-a0-1469-gd420192249 to
                  | 0.31-a0-1540-g5a0b83f448
   679 | D:1      | Quit the game

Illustrated notes

Levels and vault maps discovered:
D:1:      lightli_arrival_flooded_house, layout_rooms

Skill      XL: |  1  2 |
---------------+-------+-----
Maces & Flails | 4 |  4.2
Shields        | 1 |  1.1
Fighting       | |  3.9
Armour         | |  2.8
Dodging        | |  2.1

Action                     || total
---------------------------++-------
  Melee: Mace              ||    43
         Headbutt          ||     3
 Armour: Animal skin       ||    35
  Dodge: Dodged            ||    36

Table legend: (Time is in decaauts)
 A = Elapsed time spent in this place.
 B = Non-inter-level travel time spent in this place.
 C = Inter-level travel time spent in this place.
 D = Time resting spent in this place.
 E = Time spent auto-exploring this place.
 F = Levels seen in this place.
 G = Mean time per level.
                   A        B        C        D        E       F      G
               +--------+--------+--------+--------+--------+-----+--------+
         Total |    689 |    689 |      0 |      0 |    570 |   1 |  689.0 |
       Dungeon |    689 |    689 |      0 |      0 |    570 |   1 |  689.0 |
               +--------+--------+--------+--------+--------+-----+--------+

Top non-repeatable levels by time:
     D:1: 689 daAuts
